 Dungeon Crawl Stone Soup version 0.29-a0-994-gc5c9f59d18 (webtiles) character file.

Game seed: 2202384589146749176

110136 sanka the Thaumaturge (level 16, -8/129 HPs)
             Began as a Gnoll Conjurer on Aug 3, 2022.
             Was an Elder of Ashenzari.
             Mangled by Saint Roka
             ... wielding a +1 dire flail
              (43 damage)
             ... on level 1 of the Orcish Mines.
             The game lasted 01:12:57 (31689 turns).

sanka the Thaumaturge (Gnoll Conjurer)             Turns: 31689, Time: 01:12:57

Health: -8/129     AC:  9    Str:  7    XL:     16   Next: 54%
Magic:  4/33       EV: 20    Int: 31    God:    Ashenzari [****..]
Gold:   1521       SH:  0    Dex: 17    Spells: 8/42 levels left

rFire   + . .      SeeInvis +   M - +3 battleaxe of the Fated Scepticism {Cun, Melee} (curse)
rCold   + . .      Faith    .   (shield currently unavailable)
rNeg    . . .      Spirit   .   x - +2 robe "Eternal Restlessness" {Evo, Range} (curse)
rPois   .          Reflect  .   (no helmet)
rElec   .          Harm     .   s - scarf "At What Cost Knowledge?" {rC+ rF+, Evo, Elem} (curse)
rCorr   .          Rampage  .   X - +1 pair of gloves
Will    +....      Clarity  +   V - +1 pair of boots
Stlth   ++++++....              F - amulet "Bound Portent" {Acrobat, Comp, Bglg} (curse)
HPRegen 0.31/turn               a - ring of the Revealing Stars {Int+6, Alch, Elem} (curse)
MPRegen 0.23/turn               r - ring of Ashenzari's Seer {Dex+6, Self, Bglg} (curse)

@: no status effects
A: fangs 1, strong nose, distributed training
a: Renounce Religion, Curse Item, Shatter the Chains


You were on level 1 of the Orcish Mines.
You worshipped Ashenzari.
Ashenzari was greatly pleased with you.
You visited 3 branches of the dungeon, and saw 18 of its levels.
You also visited: Sewer, Bailey and Ice Cave.

You collected 1521 gold pieces.


Innate Abilities, Weirdness & Mutations

You have very sharp teeth.
Your uncanny sense of smell can sniff out nearby items.
Your experience applies equally to all skills.


   Skills:
 + Level 10.7(12.6) Fighting
 + Level 10.7(12.6) Short Blades
 + Level 10.7(12.6) Long Blades
 + Level 10.7(12.6) Axes
 + Level 10.7(12.6) Maces & Flails
 + Level 10.7(12.6) Polearms
 + Level 10.7(12.6) Staves
 + Level 10.7(12.6) Ranged Weapons
 + Level 10.7(12.6) Throwing
 + Level 10.7 Armour
 + Level 11.6(13.5) Dodging
 + Level 11.5(13.4) Stealth
 + Level 10.7 Shields
 + Level 10.7(12.6) Unarmed Combat
 + Level 11.8(13.7) Spellcasting
 + Level 11.4(14.4) Conjurations
 + Level 9.0(12.0) Hexes
 + Level 9.0(11.0) Summonings
 + Level 9.0(11.0) Necromancy
 + Level 9.0(12.0) Translocations
 + Level 9.0(11.0) Transmutations
 + Level 9.0(12.0) Fire Magic
 + Level 9.0(12.0) Ice Magic
 + Level 9.0(12.0) Air Magic
 + Level 9.0(12.0) Earth Magic
 + Level 9.0(11.0) Poison Magic
 + Level 11.7 Invocations
 + Level 10.7(13.6) Evocations


You had 8 spell levels left.
You knew the following spells:

 Your Spells              Type           Power      Damage    Failure   Level
c - Iron Shot             Conj/Erth      40%        9d8       1%          6
s - Swiftness             Air            77%        N/A       1%          3
v - Fireball              Conj/Fire      40%        3d16      1%          5
x - Searing Ray           Conj           100%       2d8       0%          2
y - Starburst             Conj/Fire      40%        6d11      1%          6
z - Magic Dart            Conj           100%       1d8       0%          1
N - Passwall              Tmut/Erth      62%        N/A       1%          2
X - Freezing Cloud        Conj/Ice/Air   39%        6-21      1%          5
Z - Fulminant Prism       Conj/Hex       40%        3d20      1%          4

Your spell library contained the following spells:

 Spells                   Type           Power      Damage    Failure   Level
 Apportation              Tloc           100%       N/A       0%          1
 Shock                    Conj/Air       100%       1d9       0%          1
 Necrotise                Necr           100%       1d9       1%          1
 Summon Small Mammal      Summ           100%       N/A       1%          1
 Blink                    Tloc           100%       N/A       1%          2
 Ensorcelled Hibernation  Hex/Ice        100%       N/A       1%          2
 Call Canine Familiar     Summ           74%        N/A       1%          3
 Conjure Flame            Conj/Fire      80%        6-21      1%          3
 Dazzling Flash           Conj/Hex       100%       N/A       1%          3
 Ignite Poison            Fire/Tmut/Pois 75%        N/A       1%          3
 Lesser Beckoning         Tloc           77%        N/A       1%          3
 Portal Projectile        Hex/Tloc       100%       N/A       1%          3
 Summon Guardian Golem    Hex/Summ       75%        N/A       1%          3
 Airstrike                Air            38%        2d(6-22)  1%          4
 Animate Armour           Summ/Erth      100%       N/A       1%          4
 Iskenderun's Mystic Bla  Conj/Tloc      80%        2d16      1%          4
 Leda's Liquefaction      Hex/Erth       38%        N/A       1%          4
 Sticky Flame             Conj/Fire      80%        2d9       1%          4
 Alistair's Intoxication  Tmut/Pois      49%        N/A       1%          5
 Blade Hands              Tmut           37%        N/A       1%          5
 Manifold Assault         Tloc           77%        N/A       1%          5
 Dispersal                Tloc           38%        N/A       2%          6
 Simulacrum               Ice/Necr       37%        N/A       3%          6
 Disjunction              Tloc           38%        N/A       71%         8
 Ignition                 Fire           38%        3d11      71%         8
 Polar Vortex             Ice            38%        N/A       100%        9

Inventory:

Hand Weapons
 M - the cursed +3 battleaxe of the Fated Scepticism (weapon) {Cun, Melee}

   It has a curse which improves the following skills: Cunning: Dodging and
   Stealth.
   Melee Combat: Short Blades, Long Blades, Axes, Maces & Flails, Polearms,
   Staves and Unarmed Combat.
 Q - a +2 eveningstar of freezing
Missiles
 J - 6 curare-tipped darts {=f}
Armour
 s - the cursed scarf "At What Cost Knowledge?" (worn) {rC+ rF+, Evo, Elem}

   It has a curse which improves the following skills: Evocations: Evocations.
   Elements:  Fire Magic, Ice Magic, Air Magic and Earth Magic.
 x - the cursed +2 robe "Eternal Restlessness" (worn) {Evo, Range}

   It has a curse which improves the following skills: Evocations: Evocations.
   Ranged Combat: Ranged Weapons and Throwing.
 O - a +2 kite shield of cold resistance
 T - a +3 troll leather armour {Snorg}
 V - a +1 pair of boots (worn)
 X - a +1 pair of gloves (worn)
Jewellery
 a - the cursed ring of the Revealing Stars (left hand) {Int+6, Alch, Elem}

   [ring of intelligence]

   Int:       It affects your intelligence (+6).
   It has a curse which improves the following skills: Alchemy: Poison Magic and
   Transmutations.
   Elements:  Fire Magic, Ice Magic, Air Magic and Earth Magic.
 r - the cursed ring of Ashenzari's Seer (right hand) {Dex+6, Self, Bglg}

   [ring of dexterity]

   Dex:       It affects your dexterity (+6).
   It has a curse which improves the following skills: Introspection: Fighting
   and Spellcasting.
   Beguiling: Conjurations, Hexes and Translocations.
 F - the cursed amulet "Bound Portent" (around neck) {Acrobat, Comp, Bglg}

   [amulet of the acrobat]

   It increases your evasion while moving and waiting.
   It has a curse which improves the following skills: Companions: Summonings
   and Necromancy.
   Beguiling: Conjurations, Hexes and Translocations.
 W - an amulet of the acrobat
Wands
 j - a wand of acid (10)
 o - a wand of roots (19)
 w - a wand of polymorph (7)
 y - a wand of digging (4)
 C - a wand of mindburst (51)
 K - a wand of flame (43)
Scrolls
 c - 6 scrolls of fear
 d - 4 scrolls of fog
 e - 12 scrolls of teleportation {@r4}
 g - 6 scrolls of amnesia
 h - 4 scrolls of poison {!r}
 i - 5 scrolls of immolation {!r}
 q - 4 scrolls of enchant weapon
 t - 3 scrolls of blinking
 B - 2 scrolls of vulnerability {!r}
 G - 2 scrolls of magic mapping
 H - a scroll of enchant armour
 L - 2 scrolls of summoning
 R - 2 scrolls of brand weapon
Potions
 b - 3 potions of magic
 k - a potion of heal wounds {@q2}
 l - 4 potions of ambrosia
 m - 8 potions of curing {@q1}
 n - 6 potions of lignification {!q}
 p - a potion of berserk rage {!q}
 u - a potion of mutation {!q}
 v - 2 potions of flight
 z - 2 potions of might
 A - a potion of haste {@q3}
 D - 6 potions of resistance
 E - a potion of cancellation
 P - a potion of brilliance
 S - 4 potions of attraction {!q}
 U - a potion of invisibility
Miscellaneous
 I - a tin of tremorstones (2/2)
 N - a phantom mirror
 Y - a lightning rod (4/4)

Dungeon Overview and Level Annotations

Branches:
Dungeon (11/15)            Temple (0/1) D:6            Lair (5/5) D:8
  Swamp (0/4) Lair:3       Spider (0/4) Lair:2        Slime (0/5) Lair:5
    Orc (2/2) D:11            Elf (0/3) Orc:2         Sewer (visited)
 Bailey (visited)           IceCv (visited)

Altars:
Ashenzari
Cheibriados
Elyvilon
Fedhas
Hepliaklqana
Kikubaaqudgha
Nemelex Xobeh
Qazlal
Sif Muna
Trog
Vehumet
Wu Jian
Xom
Yredelemnul
The Shining One
Jiyva

Shops:
Orc:1 [

Annotations:
Orc:1 Saint Roka

▒....▒..▒.......▒▒▒▒▒▒
▒▒▒.....▒▒▒......▒▒░ ,
, ▒▒▒.O...▒▒▒...▒.▒▒░
,, ░ ,
▒▒▒.......▒▒▒▒.▒▒▒ ,
,░ ▒▒.▒▒......▒▒▒▒▒▒▒░
░ , , ∆
▒......▒...▒▒▒▒ ░░ ,
░░, ▒▒...▒▒▒▒.....▒▒ ,
,, ░ ,
▒▒...▒▒▒..▒o.▒▒▒ ,, ░
░ ▒....▒..▒[g..▒▒ , ░
░ ▒▒.......▒....▒░░ ,,
░ ░ ,, {░
▒▒▒.....▒▒▒.▒▒ ░, ░,░
░ ,, ,{ ░▒▒....)▒▒▒▒▒
░,░ ░ , ,{ ▒.▒▒.▒▒ ,░
, ░ , , ░▒▒▒...▒ ,░░░
░░ ,,, ░ ▒▒.▒▒ ░ , ,
▒▒▒ , , ░░


You could see Saint Roka (strong).


Message History

Okay, then.
You climb downwards.
Welcome back to the Orcish Mines!
Level annotation: Saint Roka Saint Roka drinks a potion.
Saint Roka seems to grow stronger.
There is a staircase back to the Dungeon here.
Unknown command.
The iron shot hits Saint Roka!!
Saint Roka is lightly wounded.
Saint Roka invokes the aid of Beogh against you.
Beogh smites you!
The iron shot hits Saint Roka!
Saint Roka is moderately wounded.
Saint Roka says, "In the orcish mines, orcs kill the likes of YOU!"
Saint Roka misses you.
The iron shot hits Saint Roka!!!
Saint Roka is heavily wounded.
Saint Roka calls down the wrath of Beogh upon you.
Beogh smites you!
The iron shot hits Saint Roka!!!
Saint Roka is severely wounded.
Saint Roka hits you with a +1 dire flail!!!
* * * LOW HITPOINT WARNING * * *
The iron shot hits Saint Roka!!
Saint Roka is almost dead.
Saint Roka hits you with a +1 dire flail!!!
* * * LOW HITPOINT WARNING * * *
Saint Roka hits you with a +1 dire flail!!!
You die...

Action                   |  1- 3 |  4- 6 |  7- 9 | 10-12 | 13-15 | 16-18 || total
-------------------------+-------+-------+-------+-------+-------+-------++-------
Melee: Unarmed           |       |     3 |       |       |       |       ||     3
       Bite              |       |     1 |     2 |    11 |    16 |       ||    30
       Glaive            |       |       |    11 |    30 |       |       ||    41
       Battleaxe         |       |       |       |    51 |   118 |       ||   169
 Cast: Magic Dart        |    55 |   136 |   123 |   205 |     2 |       ||   521
       Searing Ray       |       |     8 |    34 |    55 |       |       ||    97
       Fulminant Prism   |       |       |    15 |   102 |     3 |       ||   120
       Freezing Cloud    |       |       |       |     3 |    54 |       ||    57
       Iron Shot         |       |       |       |     1 |   207 |     5 ||   213
       Starburst         |       |       |       |       |     8 |       ||     8
       Fireball          |       |       |       |       |     3 |       ||     3
Invok: Curse Item        |       |       |     1 |     3 |     2 |       ||     6
Evoke: Wand              |       |     1 |     2 |    18 |    13 |       ||    34
  Use: Potion            |       |       |       |     3 |     1 |     1 ||     5
       Scroll            |       |       |       |       |     2 |       ||     2
 Stab: Distracted        |       |       |       |     1 |       |       ||     1
Armor: Robe              |     1 |    20 |    22 |    25 |    60 |       ||   128
Dodge: Dodged            |     1 |    46 |    83 |   194 |   316 |     1 ||   641

Levels and vault maps discovered:
D:1:      evilmike_arrival_rings, layout_basic,
          shapermc_ecumenical_altar_rom_forum, minmay_misc_feat_encased,
          minmay_crystal_room, hangedman_decor_push, st_stairs_9,
          minmay_tetromino_t4
D:2:      layout_basic, basic_altar
D:3:      gammafunk_wand_slinger, layout_basic, minmay_misc_feat_enclosed,
          goddamned_bats
D:4:      layout_basic, portal_sewer_entry_e, uniq_pikel, uniq_duvessa
D:5:      cheibrodos_thug_alley, layout_loops_cross,
          mainiacjoe_overflow_alcove_3, grunt_decor_fettered,
          serial_bayou_pond_b, feat_on_display, uniq_menkaure
D:6:      layout_basic, chequers_temple_overflow_minitemple,
          minmay_temple_entry_gardened_gates
D:7:      layout_gridville, grunt_temple_overflow_forces_of_nature,
          pdpol_wu_jian_five_deadly_venoms, lemuel_coloured_pillars_altar,
          kennysheep_mini_moat
D:8:      layout_layer_cave, erik_lair_island, enter_bailey_5, minivault_22,
          kennysheep_another_room, minmay_fractal_squares_5, uniq_erica,
          uniq_grum
D:9:      layout_loops_ring, uniq_prince_ribbit1, uniq_erolcha
D:10:     layout_small_grid, kennysheep_little_box
D:11:     layout_roguey, orc_0_dummy, portal_ice_cave_demonic_guard, uniq_snorg
Lair:1:   layout_chaotic_city, ebering_ghost_disaster_area,
          nzn_sisyphean_effort, uniq_sonja
Lair:2:   layout_cave_pods, nicolae_spider_entry_orb_guardian,
          serial_bayou_pond_a, nicolae_lair_lil_pond, grunt_megastairs_5
Lair:3:   layout_regular_city, swamp_mist, gammafunk_ghost_hydra_chop,
          grunt_megastairs_3
Lair:4:   layout_cave_pods, hangedman_lair_unloving_vines,
          serial_bayou_lagoon_b, grunt_megastairs_1
Lair:5:   hangedman_lair_in_review, layout_regular_city,
          dpeg_slime_entry_enclosed, dreamdust_mushroom_princess,
          grunt_forest_large_clearing_hut
Orc:1:    layout_diamond_mine, serial_shops, nicolae_shop_crystal,
          nicolae_shop_self_help
Orc:2:    st_orc_open, layout_diamond_mine, uniq_saint_roka, uniq_josephine

Notes
Turn   | Place    | Note
-------+----------+-------------------------------------------
     0 | D:1      | sanka the Gnoll Conjurer began the quest for the Orb.
     0 | D:1      | Reached XP level 1. HP: 13/13 MP: 6/6
   160 | D:1      | Found a faded altar of an unknown god.
   165 | D:1      | Got Plato's Omnibus of Profane Liturgies
   240 | D:1      | Reached XP level 2. HP: 19/19 MP: 4/7
  1185 | D:1      | Learned a level 2 spell: Searing Ray
  1196 | D:2      | Found a shimmering blue altar of Sif Muna.
  1213 | D:2      | Reached skill level 5 in Spellcasting
  1213 | D:2      | Reached XP level 3. HP: 25/25 MP: 4/9
  1282 | D:2      | Reached skill level 1 in Invocations
  1340 | D:2      | Reached skill level 1 in Fighting
  1340 | D:2      | Reached skill level 1 in Short Blades
  1340 | D:2      | Reached skill level 1 in Long Blades
  1340 | D:2      | Reached skill level 1 in Axes
  1340 | D:2      | Reached skill level 1 in Maces & Flails
  1340 | D:2      | Reached skill level 1 in Polearms
  1340 | D:2      | Reached skill level 1 in Staves
  1340 | D:2      | Reached skill level 1 in Ranged Weapons
  1340 | D:2      | Reached skill level 1 in Throwing
  1340 | D:2      | Reached skill level 1 in Armour
  1340 | D:2      | Reached skill level 1 in Shields
  1340 | D:2      | Reached skill level 1 in Unarmed Combat
  1340 | D:2      | Reached skill level 1 in Evocations
  1863 | D:3      | Reached XP level 4. HP: 32/32 MP: 9/11
  2145 | D:3      | Reached skill level 1 in Hexes
  2145 | D:3      | Reached skill level 1 in Summonings
  2145 | D:3      | Reached skill level 1 in Necromancy
  2145 | D:3      | Reached skill level 1 in Translocations
  2145 | D:3      | Reached skill level 1 in Transmutations
  2145 | D:3      | Reached skill level 1 in Fire Magic
  2145 | D:3      | Reached skill level 1 in Ice Magic
  2145 | D:3      | Reached skill level 1 in Air Magic
  2145 | D:3      | Reached skill level 1 in Earth Magic
  2145 | D:3      | Reached skill level 1 in Poison Magic
  2240 | D:3      | Reached XP level 5. HP: 36/37 MP: 8/12
  2776 | D:3      | Found a transporter.
  2811 | D:3      | Found a transporter.
  3083 | D:3      | Reached skill level 5 in Dodging
  3083 | D:3      | Reached skill level 2 in Invocations
  3083 | D:3      | Reached XP level 6. HP: 44/44 MP: 11/14
  3086 | D:3      | Reached skill level 2 in Fighting
  3086 | D:3      | Reached skill level 2 in Short Blades
  3086 | D:3      | Reached skill level 2 in Long Blades
  3086 | D:3      | Reached skill level 2 in Axes
  3086 | D:3      | Reached skill level 2 in Maces & Flails
  3086 | D:3      | Reached skill level 2 in Polearms
  3086 | D:3      | Reached skill level 2 in Staves
  3086 | D:3      | Reached skill level 2 in Ranged Weapons
  3086 | D:3      | Reached skill level 2 in Throwing
  3086 | D:3      | Reached skill level 2 in Armour
  3086 | D:3      | Reached skill level 2 in Shields
  3086 | D:3      | Reached skill level 2 in Unarmed Combat
  3086 | D:3      | Reached skill level 2 in Evocations
  3139 | D:3      | Identified the +1 ring mail "Verpha" {*Slow Will+ rCorr}
  3398 | D:4      | Found a glowing drain.
  3434 | Sewer    | Entered a sewer
  4002 | Sewer    | Reached XP level 7. HP: 32/51 MP: 10/15
  4004 | Sewer    | Reached skill level 2 in Hexes
  4004 | Sewer    | Reached skill level 2 in Summonings
  4004 | Sewer    | Reached skill level 2 in Necromancy
  4004 | Sewer    | Reached skill level 2 in Translocations
  4004 | Sewer    | Reached skill level 2 in Transmutations
  4004 | Sewer    | Reached skill level 2 in Fire Magic
  4004 | Sewer    | Reached skill level 2 in Ice Magic
  4004 | Sewer    | Reached skill level 2 in Air Magic
  4004 | Sewer    | Reached skill level 2 in Earth Magic
  4004 | Sewer    | Reached skill level 2 in Poison Magic
  4505 | D:4      | Identified a +0 crystal plate armour
  4529 | D:4      | Reached skill level 5 in Stealth
  4617 | D:4      | Reached skill level 3 in Invocations
  4634 | D:4      | Noticed Duvessa
  4676 | D:3      | Learned a level 4 spell: Fulminant Prism
  4685 | D:4      | Killed Duvessa
  5025 | D:4      | Learned a level 2 spell: Passwall
  5029 | D:4      | Learned a level 3 spell: Swiftness
  5121 | D:4      | Reached skill level 3 in Fighting
  5121 | D:4      | Reached skill level 3 in Short Blades
  5121 | D:4      | Reached skill level 3 in Long Blades
  5121 | D:4      | Reached skill level 3 in Axes
  5121 | D:4      | Reached skill level 3 in Maces & Flails
  5121 | D:4      | Reached skill level 3 in Polearms
  5121 | D:4      | Reached skill level 3 in Staves
  5121 | D:4      | Reached skill level 3 in Ranged Weapons
  5121 | D:4      | Reached skill level 3 in Throwing
  5121 | D:4      | Reached skill level 3 in Armour
  5121 | D:4      | Reached skill level 3 in Shields
  5121 | D:4      | Reached skill level 3 in Unarmed Combat
  5121 | D:4      | Reached skill level 3 in Evocations
  5121 | D:4      | Reached XP level 8. HP: 24/58 MP: 1/16
  5496 | D:4      | Noticed Pikel
  5510 | D:4      | Killed Pikel
  5511 | D:4      | Reached skill level 6 in Spellcasting
  6044 | D:5      | Entered Level 5 of the Dungeon
  6048 | D:5      | Reached skill level 3 in Hexes
  6048 | D:5      | Reached skill level 3 in Summonings
  6048 | D:5      | Reached skill level 3 in Necromancy
  6048 | D:5      | Reached skill level 3 in Translocations
  6048 | D:5      | Reached skill level 3 in Transmutations
  6048 | D:5      | Reached skill level 3 in Fire Magic
  6048 | D:5      | Reached skill level 3 in Ice Magic
  6048 | D:5      | Reached skill level 3 in Air Magic
  6048 | D:5      | Reached skill level 3 in Earth Magic
  6048 | D:5      | Reached skill level 3 in Poison Magic
  6048 | D:5      | Reached skill level 4 in Invocations
  6133 | D:5      | Noticed Menkaure
  6177 | D:5      | Reached skill level 6 in Dodging
  6179 | D:5      | Killed Menkaure
  6376 | D:5      | Reached XP level 9. HP: 39/65 MP: 7/18
  6485 | D:5      | Reached skill level 4 in Fighting
  6485 | D:5      | Reached skill level 4 in Short Blades
  6485 | D:5      | Reached skill level 4 in Long Blades
  6485 | D:5      | Reached skill level 4 in Axes
  6485 | D:5      | Reached skill level 4 in Maces & Flails
  6485 | D:5      | Reached skill level 4 in Polearms
  6485 | D:5      | Reached skill level 4 in Staves
  6485 | D:5      | Reached skill level 4 in Ranged Weapons
  6485 | D:5      | Reached skill level 4 in Throwing
  6485 | D:5      | Reached skill level 4 in Armour
  6485 | D:5      | Reached skill level 4 in Shields
  6485 | D:5      | Reached skill level 4 in Unarmed Combat
  6485 | D:5      | Reached skill level 4 in Evocations
  6553 | D:5      | Reached skill level 6 in Stealth
  6553 | D:5      | Reached skill level 8 in Conjurations
  7124 | D:5      | Identified the +0 leather armour of Feasting {-Cast rElec
                  | rPois rN+++}
  7467 | D:5      | Found a basalt altar of Yredelemnul.
  7468 | D:5      | Found a broken altar of Ashenzari.
  7469 | D:5      | Found a white marble altar of Elyvilon.
  7469 | D:5      | Found a sparkling altar of Nemelex Xobeh.
  7476 | D:5      | Became a worshipper of Ashenzari the Shackled
  7628 | D:6      | Reached skill level 5 in Invocations
  8269 | D:6      | Found a staircase to the Ecumenical Temple.
  8519 | D:6      | Found a shimmering altar of Xom.
  8519 | D:6      | Found a bloodstained altar of Trog.
  8526 | D:6      | Found a hazy altar of Hepliaklqana.
  8528 | D:6      | Found an ancient bone altar of Kikubaaqudgha.
  8530 | D:6      | Found a faded altar of an unknown god.
  8735 | D:7      | Found a stormy altar of Qazlal.
  8749 | D:7      | Reached skill level 7 in Spellcasting
  8786 | D:7      | Reached skill level 4 in Hexes
  8786 | D:7      | Reached skill level 4 in Summonings
  8786 | D:7      | Reached skill level 4 in Necromancy
  8786 | D:7      | Reached skill level 4 in Translocations
  8786 | D:7      | Reached skill level 4 in Transmutations
  8786 | D:7      | Reached skill level 4 in Fire Magic
  8786 | D:7      | Reached skill level 4 in Ice Magic
  8786 | D:7      | Reached skill level 4 in Air Magic
  8786 | D:7      | Reached skill level 4 in Earth Magic
  8786 | D:7      | Reached skill level 4 in Poison Magic
  8979 | D:7      | Found a blossoming altar of Fedhas.
  9044 | D:7      | Reached skill level 5 in Fighting
  9044 | D:7      | Reached skill level 5 in Short Blades
  9044 | D:7      | Reached skill level 5 in Long Blades
  9044 | D:7      | Reached skill level 5 in Axes
  9044 | D:7      | Reached skill level 5 in Maces & Flails
  9044 | D:7      | Reached skill level 5 in Polearms
  9044 | D:7      | Reached skill level 5 in Staves
  9044 | D:7      | Reached skill level 5 in Ranged Weapons
  9044 | D:7      | Reached skill level 5 in Throwing
  9044 | D:7      | Reached skill level 5 in Armour
  9044 | D:7      | Reached skill level 5 in Shields
  9044 | D:7      | Reached skill level 5 in Unarmed Combat
  9044 | D:7      | Reached skill level 5 in Evocations
  9044 | D:7      | Reached XP level 10. HP: 61/74 MP: 2/20
  9420 | D:7      | Found a radiant altar of Vehumet.
  9607 | D:7      | Found a glowing golden altar of the Shining One.
  9743 | D:7      | Found an ornate altar of the Wu Jian Council.
 10007 | D:8      | Reached skill level 7 in Dodging
 10015 | D:8      | Noticed Erica
 10032 | D:8      | Killed Erica
 10033 | D:8      | Reached skill level 7 in Stealth
 10033 | D:8      | Reached skill level 6 in Invocations
 10109 | D:8      | Noticed Grum
 10116 | D:8      | Killed Grum
 10232 | D:8      | Found a flagged portal.
 10397 | Bailey   | Entered a bailey
 10462 | Bailey   | Noticed an orc warlord
 10703 | Bailey   | Found a runed translucent gate.
 10705 | Bailey   | Found a runed translucent gate.
 10706 | Bailey   | Found a runed translucent gate.
 10884 | Bailey   | Reached * piety under Ashenzari
 10884 | Bailey   | Identified 2 potions of resistance
 10886 | Bailey   | Reached skill level 6 in Fighting
 10886 | Bailey   | Reached skill level 6 in Short Blades
 10886 | Bailey   | Reached skill level 6 in Long Blades
 10886 | Bailey   | Reached skill level 6 in Axes
 10886 | Bailey   | Reached skill level 6 in Maces & Flails
 10886 | Bailey   | Reached skill level 6 in Polearms
 10886 | Bailey   | Reached skill level 6 in Staves
 10886 | Bailey   | Reached skill level 6 in Ranged Weapons
 10886 | Bailey   | Reached skill level 6 in Throwing
 10886 | Bailey   | Reached skill level 6 in Armour
 10886 | Bailey   | Reached skill level 8 in Dodging
 10886 | Bailey   | Reached skill level 8 in Stealth
 10886 | Bailey   | Reached skill level 6 in Shields
 10886 | Bailey   | Reached skill level 6 in Unarmed Combat
 10886 | Bailey   | Reached skill level 8 in Spellcasting
 10886 | Bailey   | Reached skill level 9 in Conjurations
 10886 | Bailey   | Reached skill level 5 in Hexes
 10886 | Bailey   | Reached skill level 5 in Summonings
 10886 | Bailey   | Reached skill level 5 in Necromancy
 10886 | Bailey   | Reached skill level 5 in Translocations
 10886 | Bailey   | Reached skill level 5 in Transmutations
 10886 | Bailey   | Reached skill level 5 in Fire Magic
 10886 | Bailey   | Reached skill level 5 in Ice Magic
 10886 | Bailey   | Reached skill level 5 in Air Magic
 10886 | Bailey   | Reached skill level 5 in Earth Magic
 10886 | Bailey   | Reached skill level 5 in Poison Magic
 10886 | Bailey   | Reached skill level 7 in Invocations
 10886 | Bailey   | Reached skill level 6 in Evocations
 10886 | Bailey   | Reached XP level 11. HP: 84/84 MP: 22/24
 10993 | Bailey   | Killed an orc warlord
 11883 | D:8      | Reached ** piety under Ashenzari
 12085 | D:8      | Reached skill level 7 in Fighting
 12085 | D:8      | Reached skill level 7 in Short Blades
 12085 | D:8      | Reached skill level 7 in Long Blades
 12085 | D:8      | Reached skill level 7 in Axes
 12085 | D:8      | Reached skill level 7 in Maces & Flails
 12085 | D:8      | Reached skill level 7 in Polearms
 12085 | D:8      | Reached skill level 7 in Staves
 12085 | D:8      | Reached skill level 7 in Ranged Weapons
 12085 | D:8      | Reached skill level 7 in Throwing
 12085 | D:8      | Reached skill level 7 in Armour
 12085 | D:8      | Reached skill level 7 in Shields
 12085 | D:8      | Reached skill level 7 in Unarmed Combat
 12085 | D:8      | Reached skill level 7 in Evocations
 12266 | D:8      | Found a staircase to the Lair.
 13105 | D:8      | Reached *** piety under Ashenzari
 13294 | D:9      | Reached XP level 12. HP: 92/94 MP: 14/26
 13467 | D:9      | Noticed Erolcha
 13555 | D:9      | Killed Erolcha
 13779 | D:9      | Reached skill level 6 in Hexes
 13779 | D:9      | Reached skill level 6 in Summonings
 13779 | D:9      | Reached skill level 6 in Necromancy
 13779 | D:9      | Reached skill level 6 in Translocations
 13779 | D:9      | Reached skill level 6 in Transmutations
 13779 | D:9      | Reached skill level 6 in Fire Magic
 13779 | D:9      | Reached skill level 6 in Ice Magic
 13779 | D:9      | Reached skill level 6 in Air Magic
 13779 | D:9      | Reached skill level 6 in Earth Magic
 13779 | D:9      | Reached skill level 6 in Poison Magic
 13779 | D:9      | Noticed Prince Ribbit
 13787 | D:9      | Killed Prince Ribbit
 14093 | D:9      | Reached skill level 8 in Invocations
 14444 | D:10     | Entered Level 10 of the Dungeon
 14493 | D:10     | Noticed a two-headed ogre
 14499 | D:10     | Killed a two-headed ogre
 14500 | D:10     | Reached skill level 9 in Spellcasting
 14618 | D:10     | Found a snail-covered altar of Cheibriados.
 14667 | D:10     | Noticed a two-headed ogre
 14675 | D:10     | Killed a two-headed ogre
 14839 | D:10     | Noticed a two-headed ogre
 14846 | D:10     | Killed a two-headed ogre
 15433 | D:11     | Found a staircase to the Orcish Mines.
 15564 | D:11     | Reached skill level 9 in Dodging
 15626 | D:11     | Found a frozen archway.
 15814 | IceCv    | Entered an ice cave
 16191 | IceCv    | Identified a scarf of resistance
 17269 | IceCv    | Reached skill level 9 in Stealth
 17536 | IceCv    | Noticed a reaper
 17598 | IceCv    | Killed a reaper
 17599 | IceCv    | Reached skill level 8 in Fighting
 17599 | IceCv    | Reached skill level 8 in Short Blades
 17599 | IceCv    | Reached skill level 8 in Long Blades
 17599 | IceCv    | Reached skill level 8 in Axes
 17599 | IceCv    | Reached skill level 8 in Maces & Flails
 17599 | IceCv    | Reached skill level 8 in Polearms
 17599 | IceCv    | Reached skill level 8 in Staves
 17599 | IceCv    | Reached skill level 8 in Ranged Weapons
 17599 | IceCv    | Reached skill level 8 in Throwing
 17599 | IceCv    | Reached skill level 8 in Armour
 17599 | IceCv    | Reached skill level 8 in Shields
 17599 | IceCv    | Reached skill level 8 in Unarmed Combat
 17599 | IceCv    | Reached skill level 8 in Evocations
 18053 | IceCv    | Learned a level 5 spell: Freezing Cloud
 18248 | D:11     | Learned a level 6 spell: Iron Shot
 18452 | D:11     | Noticed Snorg
 18457 | D:11     | Killed Snorg
 18458 | D:11     | Reached XP level 13. HP: 80/103 MP: 13/28
 18546 | D:11     | Reached **** piety under Ashenzari
 18566 | D:11     | Reached skill level 9 in Invocations
 18827 | D:11     | Reached skill level 10 in Conjurations
 19218 | Lair:1   | Entered Level 1 of the Lair of Beasts
 19489 | Lair:1   | Found a large runed translucent door.
 19489 | Lair:1   | Found a large runed translucent door.
 19501 | Lair:1   | Noticed Sonja
 19508 | Lair:1   | Killed Sonja
 19509 | Lair:1   | Reached skill level 7 in Hexes
 19509 | Lair:1   | Reached skill level 7 in Summonings
 19509 | Lair:1   | Reached skill level 7 in Necromancy
 19509 | Lair:1   | Reached skill level 7 in Translocations
 19509 | Lair:1   | Reached skill level 7 in Transmutations
 19509 | Lair:1   | Reached skill level 7 in Fire Magic
 19509 | Lair:1   | Reached skill level 7 in Ice Magic
 19509 | Lair:1   | Reached skill level 7 in Air Magic
 19509 | Lair:1   | Reached skill level 7 in Earth Magic
 19509 | Lair:1   | Reached skill level 7 in Poison Magic
 19637 | Lair:1   | Learned a level 6 spell: Starburst
 19700 | Lair:1   | Learned a level 5 spell: Fireball
 20139 | Lair:1   | Noticed Iniclolu's ghost (journeyman DsWn)
 20427 | Lair:1   | Killed Iniclolu's ghost
 20428 | Lair:1   | Reached skill level 10 in Spellcasting
 20856 | Lair:2   | Found a hole to the Spider Nest.
 22467 | Lair:3   | Reached skill level 10 in Dodging
 23219 | Lair:3   | Reached skill level 9 in Fighting
 23219 | Lair:3   | Reached skill level 9 in Short Blades
 23219 | Lair:3   | Reached skill level 9 in Long Blades
 23219 | Lair:3   | Reached skill level 9 in Axes
 23219 | Lair:3   | Reached skill level 9 in Maces & Flails
 23219 | Lair:3   | Reached skill level 9 in Polearms
 23219 | Lair:3   | Reached skill level 9 in Staves
 23219 | Lair:3   | Reached skill level 9 in Ranged Weapons
 23219 | Lair:3   | Reached skill level 9 in Throwing
 23219 | Lair:3   | Reached skill level 9 in Armour
 23219 | Lair:3   | Reached skill level 9 in Shields
 23219 | Lair:3   | Reached skill level 9 in Unarmed Combat
 23219 | Lair:3   | Reached skill level 9 in Evocations
 23220 | Lair:3   | Reached skill level 10 in Stealth
 23593 | Lair:3   | Reached XP level 14. HP: 113/113 MP: 23/30
 23621 | Lair:3   | Reached skill level 10 in Invocations
 23679 | Lair:3   | Found a runed translucent gate.
 23699 | Lair:3   | Found a staircase to the Swamp.
 23815 | Lair:3   | Found a runed translucent gate.
 23816 | Lair:3   | Found a runed translucent gate.
 23816 | Lair:3   | Noticed sanka's ghost (journeyman GnCj)
 23836 | Lair:3   | Identified the +9 spear of Departure {spect, Fly Str+4
                  | Stlth+}
 25297 | Lair:4   | Identified the +3 leather armour of Rulom {rC- Will- Str+8
                  | Int+3}
 26361 | Lair:4   | Reached skill level 8 in Hexes
 26361 | Lair:4   | Reached skill level 8 in Summonings
 26361 | Lair:4   | Reached skill level 8 in Necromancy
 26361 | Lair:4   | Reached skill level 8 in Translocations
 26361 | Lair:4   | Reached skill level 8 in Transmutations
 26361 | Lair:4   | Reached skill level 8 in Fire Magic
 26361 | Lair:4   | Reached skill level 8 in Ice Magic
 26361 | Lair:4   | Reached skill level 8 in Air Magic
 26361 | Lair:4   | Reached skill level 8 in Earth Magic
 26361 | Lair:4   | Reached skill level 8 in Poison Magic
 27080 | Lair:5   | Entered Level 5 of the Lair of Beasts
 27516 | Lair:5   | Reached skill level 11 in Spellcasting
 28197 | Lair:5   | Reached skill level 11 in Dodging
 28197 | Lair:5   | Reached skill level 11 in Conjurations
 28310 | Lair:5   | Reached skill level 10 in Fighting
 28310 | Lair:5   | Reached skill level 10 in Short Blades
 28310 | Lair:5   | Reached skill level 10 in Long Blades
 28310 | Lair:5   | Reached skill level 10 in Axes
 28310 | Lair:5   | Reached skill level 10 in Maces & Flails
 28310 | Lair:5   | Reached skill level 10 in Polearms
 28310 | Lair:5   | Reached skill level 10 in Staves
 28310 | Lair:5   | Reached skill level 10 in Ranged Weapons
 28310 | Lair:5   | Reached skill level 10 in Throwing
 28310 | Lair:5   | Reached skill level 10 in Armour
 28310 | Lair:5   | Reached skill level 10 in Shields
 28310 | Lair:5   | Reached skill level 10 in Unarmed Combat
 28310 | Lair:5   | Reached skill level 10 in Evocations
 28579 | Lair:5   | Found a viscous altar of Jiyva.
 28580 | Lair:5   | Found a staircase to the Slime Pits.
 28600 | Lair:5   | Reached XP level 15. HP: 59/120 MP: 12/32
 28601 | Lair:5   | Reached skill level 11 in Invocations
 28602 | Lair:5   | Reached skill level 11 in Stealth
 30165 | Lair:3   | Killed sanka's ghost
 30371 | Orc:1    | Entered Level 1 of the Orcish Mines
 30562 | Orc:1    | Found Uqoixaez's Antique Armour Boutique.
 30625 | Orc:2    | Entered Level 2 of the Orcish Mines
 30635 | Orc:2    | Noticed Saint Roka
 30644 | Orc:2    | HP: 8/122 [orc warrior/boomerang[Saint Roka] (10)]
 31681 | D:11     | Reached skill level 9 in Hexes
 31681 | D:11     | Reached skill level 9 in Summonings
 31681 | D:11     | Reached skill level 9 in Necromancy
 31681 | D:11     | Reached skill level 9 in Translocations
 31681 | D:11     | Reached skill level 9 in Transmutations
 31681 | D:11     | Reached skill level 9 in Fire Magic
 31681 | D:11     | Reached skill level 9 in Ice Magic
 31681 | D:11     | Reached skill level 9 in Air Magic
 31681 | D:11     | Reached skill level 9 in Earth Magic
 31681 | D:11     | Reached skill level 9 in Poison Magic
 31681 | D:11     | Reached XP level 16. HP: 129/129 MP: 33/33
 31689 | Orc:1    | Mangled by Saint Roka

Vanquished Creatures
  An orc warlord (Bailey)
  A reaper (IceCv)
  Snorg (D:11)
  The ghost of sanka the Destroyer, a journeyman GnCj of Ashenzari (Lair:3)
  5 hydras
  The ghost of Iniclolu the Skirmisher, a journeyman DsWn of Lugonu (Lair:1)
  An alligator (Lair:5)
  3 boulder beetles
  4 two-headed ogres
  Erica (D:8)
  Erolcha (D:9)
  23 death yaks
  Sonja (Lair:1)
  An orb spider (Lair:2)
  Pikel (D:4)
  3 lindwurms
  An orc knight (Orc:1)
  15 elephants
  A manticore (Lair:5)
  An ice statue (IceCv)
  9 cane toads
  6 rime drakes
  6 black mambas
  2 torpor snails (Lair:5)
  13 komodo dragons
  A kobold demonologist (D:11)
  2 anaconda simulacra (IceCv)
  2 ice devils (D:11)
  2 entropy weaver simulacra (IceCv)
  5 trolls
  3 polar bears
  Prince Ribbit (D:9)
  2 hornets
  4 blink frogs (Lair:5)
  7 dream sheep (Lair:5)
  A wraith (D:11)
  2 wyverns
  56 yaks
  2 shadows
  2 basilisks
  Grum (D:8)
  2 steam dragons
  3 death yak simulacra (IceCv)
  Menkaure (D:5)
  2 vampire mosquitoes (D:11)
  A harpy simulacrum (IceCv)
  14 water moccasins
  An acid dragon (D:11)
  A sky beast (D:7)
  Duvessa (D:4)
  12 orc warriors
  2 black bears
  3 ice beasts
  22 wolves
  8 ogres
  5 centaurs
  3 kobold brigands
  2 gnoll sergeants
  11 bullfrogs
  2 necrophages (D:8)
  5 two-headed ogre simulacra (IceCv)
  2 scorpions
  2 cane toad simulacra (IceCv)
  A wight (D:8)
  An elephant simulacrum (IceCv)
  11 killer bees
  A vampire bat (D:3)
  6 howler monkeys
  7 electric eels
  8 orc priests
  6 hounds
  3 jellies
  A gnoll bouda (D:5)
  3 iguanas
  11 orc wizards
  10 hell rats
  4 troll simulacra (IceCv)
  7 spriggan simulacra (IceCv)
  2 polar bear simulacra (IceCv)
  7 gnolls
  13 adders
  6 naga simulacra (IceCv)
  2 river rats (D:4)
  3 shadow imps (D:3)
  4 white imps
  8 ufetubi
  A worm (D:4)
  A dart slug (D:5)
  3 fire bats (D:3)
  39 orcs
  2 spectral bats (D:3)
  3 bat skeletons (D:3)
  A bat zombie (D:3)
  8 endoplasms
  12 giant cockroaches
  6 goblins
  12 hobgoblins
  4 jackals (D:4)
  25 kobolds
  11 quokkas
  10 ball pythons
  21 bats
  A bat simulacrum (D:3)
  8 frilled lizards
  6 rats
600 creatures vanquished.

Vanquished Creatures (others)
  An orc (D:11)
  13 bushes
  120 fulminant prisms
  52 fungi
  128 plants
314 creatures vanquished.

Grand Total: 914 creatures vanquished
